 Dungeon Crawl Stone Soup version 0.30.1-11-g7821555f0a (webtiles) character file.

Game seed: 2270605984828171947

82 Chiseanne the Chopper (level 4, 31/34 HPs)
             Began as a Demonspawn Wanderer on Nov 24, 2023.
             Quit the game on level 2 of the Dungeon.
             The game lasted 00:02:06 (1525 turns).

Chiseanne the Chopper (Demonspawn Wanderer)         Turns: 1525, Time: 00:02:07

Health: 31/34      AC:  8    Str: 12    XL:     4   Next: 21%
Magic:  5/5        EV: 11    Int: 14    God:
Gold:   66         SH:  4    Dex: 14    Spells: 4/5 levels left

rFire   . . .        a - +2 hand axe
rCold   . . .        (no shield)
rNeg    . . .        l - +0 ring mail
rPois   .            h - +0 helmet
rElec   .            f - +1 cloak
rCorr   .            (no gloves)
SInv    .            (no boots)
Will    .....        (no amulet)
Stlth   +            (no ring)
HPRegen 0.25/turn    (no ring)
MPRegen 0.09/turn

%: no passive effects
@: no status effects
A: claws 1, large bone plates 1
a: no special abilities


You were on level 2 of the Dungeon.
You visited 1 branch of the dungeon, and saw 2 of its levels.

You collected 66 gold pieces.

Inventory:

Hand Weapons
 a - a +2 hand axe (weapon)
 c - a +0 dagger
Missiles
 b - 16 poisoned darts (quivered)
 e - 11 stones
Armour
 f - a +1 cloak (worn)
 h - a +0 helmet (worn)
 l - a +0 ring mail (worn)
Jewellery
 n - an amulet of reflection
Scrolls
 d - a scroll of fog
Potions
 g - a potion of lignification {unknown}
 j - a potion of brilliance {unknown}
 m - 4 potions of curing
 o - a potion of heal wounds {unknown}
 q - a potion of resistance


   Skills:
 * Level 2.5 Fighting
 - Level 2.6 Axes
 - Level 1.0 Throwing
 * Level 1.5 Armour
 * Level 2.3 Dodging
 - Level 1.0 Spellcasting
 - Level 2.0 Summonings
 - Level 1.2 Invocations


You had 4 spell levels left.
You knew the following spells:

 Your Spells              Type           Power      Damage    Failure   Level
a - Summon Small Mammal   Summ           24%        N/A       26%         1

Your spell library contained the following spells:

 Spells                   Type           Power      Damage    Failure   Level
 Apportation              Tloc           0%         N/A       50%         1
 Necrotise                Necr           0%         1d4       50%         1
 Call Canine Familiar     Summ           6%         N/A       58%         3


Dungeon Overview and Level Annotations

Branches:
Dungeon (2/15)

Altars:


Innate Abilities, Weirdness & Mutations

You have sharp fingernails.
You are partially covered in large bone plates. (SH +4)


Message History

The frilled lizard is heavily wounded.
You block the frilled lizard's attack.
You hit the frilled lizard.
You kill the frilled lizard!
You closely miss Jessica. Jessica says, "Why did you come here?"
Jessica gestures wildly while chanting.
Jessica blinks!
Jessica gestures wildly while chanting.
Jessica blinks!
You slash the adder!
The adder is almost dead.
The adder bites you but does no damage. x2
You hit the adder.
You kill the adder!
You hit the hobgoblin.
You kill the hobgoblin!
You hit the kobold but do no damage.
The kobold hits you with a +0 short sword.
Jessica looks very angry.
Jessica mumbles some strange words.
Jessica blinks!
You completely miss Jessica. You hit the kobold.
The kobold hits you but does no damage. Jessica barely misses you.
You barely miss the kobold.
The kobold is moderately wounded.
You hit Jessica. The kobold hits you but does no damage.
Jessica hits you but does no damage.
The kobold hits you with a +0 short sword.
Jessica closely misses you.
You hit Jessica.
You kill Jessica!
You hit the kobold.
You kill the kobold!
The goblin unwields a +0 club.
The goblin wields a +0 sling.
The goblin shoots a sling bullet.
You block the sling bullet.
You have reached level 4!
You feel clever.
Your demonic ancestry asserts itself...
Your fingernails lengthen.
Are you sure you want to abandon this character and quit the game? (Confirm with "yes".)

# ###### ..
#############.....
#..
#...[.........####
#..
############......
#.. ##########.####
#..####......†....#
#g)@)#.########..#
#..##.#.# #..# #..
##.#.## #.†### #..
#.....# #..... #..
####..# ##.### ..
#..# #.# ### # ###
#..# #.# #.# #.#
#..# #.# ##.# #.#
#..# #.#


You could see a goblin.

Vanquished Creatures
  Jessica (D:2)
  2 adders (D:2)
  6 bats
  2 endoplasms (D:1)
  3 giant cockroaches (D:2)
  A goblin (D:2)
  4 hobgoblins
  5 kobolds (D:2)
  2 quokkas (D:2)
  4 ball pythons (D:2)
  3 frilled lizards (D:2)
  6 rats
39 creatures vanquished.

Notes
Turn   | Place    | Note
-------+----------+-------------------------------------------
     0 | D:1      | Chiseanne the Demonspawn Wanderer began the quest for the
                  | Orb.
     0 | D:1      | Chiseanne set off with the following items: a +2 hand axe,
                  | 14 poisoned darts, a +0 dagger, a scroll of fog, a +0 robe;
                  | and the following spell memorised: Summon Small Mammal; and
                  | the following spells available to memorise: Call Canine
                  | Familiar.
     0 | D:1      | Reached XP level 1. HP: 15/15 MP: 2/2
   266 | D:1      | Gained mutation: You are partially covered in large bone
                  | plates. (SH +4) [demonic ancestry]
   266 | D:1      | Reached XP level 2. HP: 21/21 MP: 3/3
   994 | D:2      | Reached XP level 3. HP: 24/27 MP: 4/4
  1069 | D:2      | Reached skill level 1 in Armour
  1506 | D:2      | Noticed Jessica
  1524 | D:2      | Killed Jessica
  1525 | D:2      | Gained mutation: You have sharp fingernails. [demonic
                  | ancestry]
  1525 | D:2      | Reached XP level 4. HP: 31/34 MP: 5/5
  1525 | D:2      | Quit the game

Illustrated notes

Levels and vault maps discovered:
D:1:      tarquinn_simple_flora_water_f, layout_basic, minmay_fountain_box,
          item_on_display_a
D:2:      minmay_diamond_boxcup, layout_loops_ring, grunt_decor_clamped,
          uniq_jessica

Skill      XL: |  1  2  3 |
---------------+----------+-----
Fighting       | 2 |  2.5
Armour         | 1 |  1.5
Dodging        | 2 |  2.3
Axes           | |  2.6
Throwing       | |  1.0
Spellcasting   | |  1.0
Summonings     | |  2.0
Invocations    | |  1.2

Action                     |  1- 3 |  4- 6 || total
---------------------------+-------+-------++-------
  Melee: Hand axe          |   118 |       ||   118
         Punch             |     1 |       ||     1
    Use: Scroll            |     6 |       ||     6
   Stab: Sleeping          |     1 |       ||     1
 Armour: Robe              |     6 |       ||     6
         Ring mail         |    48 |       ||    48
  Dodge: Dodged            |    70 |       ||    70
  Block: Other             |    18 |       ||    18
